 Dungeon Crawl Stone Soup version 0.17-a0-1387-g00d4e61 (console) character file.

2650 Monkaria the Cleaver (level 9, 0/76 HPs)
             Began as a Hill Orc Chaos Knight on June 16, 2015.
             Slain by a worldbinder (5 damage)
             ... on level 1 of the Abyss.
             The game lasted 00:15:48 (6608 turns).

Monkaria the Cleaver (Hill Orc Chaos Knight)        Turns: 6608, Time: 00:15:49

Health: 0/76       AC:  7    Str: 20 (21) XL:     9   Next: 62%
Magic:  7/7        EV: 15    Int:  8      God:    Xom [*.....]
Gold:   220        SH:  0    Dex:  3 (8)  Spells: 0 memorised, 8 levels left

rFire  . . .     SeeInvis .     f - +2 hand axe (freeze)
rCold  . . .     Clarity  .     B - +0 scale mail
rNeg   . . .     SustAt   .     (no shield)
rPois  .         Gourm    .     (no helmet)
rElec  .         Spirit   .     G - +0 cloak
rCorr  .         Warding  .     (no gloves)
rMut   .         Stasis   .     (no boots)
MR     .....                    (no amulet)
Stlth  ..........               q - +4 ring of evasion
                                m - +2 ring of evasion

@: mighty, very slightly contaminated, drained, invisible, not resistant to
hostile enchantments, extremely unstealthy
A: blurry vision 1, clumsy 1, deformed body, deterioration 2, dopey 2, frail 1,
low mp 2, weak 1, no device heal 1, MP-powered wands
a: Renounce Religion


You were on level 1 of the Abyss.
You worshipped Xom.
You were a special plaything of Xom.
You were hungry.

You visited 2 branches of the dungeon, and saw 8 of its levels.
You visited the Abyss 1 time.

You collected 220 gold pieces.

Inventory:

Hand weapons
 f - a +2 hand axe of freezing (weapon)
 R - a +0 battleaxe
Missiles
 e - 16 poisoned needles
 w - a throwing net (quivered)
 y - 5 tomahawks
Armour
 b - a +2 leather armour
 s - a +2 buckler
 B - a +0 scale mail (worn)
 G - a +0 cloak (worn)
Magical staves
 r - an uncursed staff of death
Jewellery
 l - an uncursed ring of see invisible
 m - a +2 ring of evasion (left hand)
 q - a +4 ring of evasion (right hand)
 F - an uncursed ring of protection from magic
Magical devices
 a - a wand of cold (10)
 C - a wand of slowing (13)
 D - a wand of slowing (28)
 I - a wand of digging (11)
 M - a wand of paralysis (7)
 N - a wand of digging (11)
Scrolls
 j - a scroll of enchant weapon
 k - 3 scrolls of remove curse
 o - a scroll of acquirement {unknown}
 p - a scroll of teleportation {unknown}
 t - a scroll of noise
 v - a scroll of magic mapping
 E - a scroll of recharging {unknown}
 O - a scroll of amnesia {unknown}
 P - 2 scrolls of identify
Potions
 d - 2 potions of brilliance
 i - 2 potions of invisibility
 n - a potion of agility
 u - a potion of haste
 Q - a potion of cancellation {unknown}
Books
 J - a book of Frost

   Spells                             Type                      Level
   a - Freeze                         Ice                          1
   b - Throw Frost                    Conjuration/Ice              2
   c - Ozocubu's Armour               Charms/Ice                   3
   d - Throw Icicle                   Conjuration/Ice              4
   e - Summon Ice Beast               Ice/Summoning                4
   f - Condensation Shield            Ice                          4
Comestibles
 c - 9 bread rations
 z - 3 meat rations
 A - 2 slices of pizza
 K - a beef jerky
 L - a royal jelly


   Skills:
 - Level 10.0(9.7) Fighting
 - Level 12.1(11.7) Axes
 + Level 10.2(9.8) Armour
 - Level 0.7(0.4) Dodging


You had 8 spell levels left.
You didn't know any spells.

Dungeon Overview and Level Annotations

Branches:
Dungeon (7/15)             Temple (1/1) D:5

Altars:
Ashenzari
Cheibriados
Dithmenos
Fedhas
Gozag
Kikubaaqudgha
Makhleb
Nemelex Xobeh
Okawaru
Qazlal
Ru
Sif Muna
Trog
Vehumet
Xom
Yredelemnul


Innate Abilities, Weirdness & Mutations

[Scrolls take you a little longer to read.]
[You are clumsy. (Dex -2)]
[Armour fits poorly on your strangely shaped body.]
[Your body often deteriorates upon taking damage.]
[You are very dopey. (Int -4)]
[You are frail (-10% HP).]
[Your magical capacity is very low (-20% MP).]
[You are weak. (Str -2)]
[Potions and wands are less effective at restoring your health.]
[You expend magic power (3 MP) to strengthen your wands.]


Message History

You begin reading the scroll.
You continue reading the scroll.
The quasit barely misses you. The quasit closely misses you.
The quasit misses you.
The jumping spider leaps!
The worldbinder hits you but does no damage.
The worldbinder closely misses you.
Xom is amused.
As you read the scroll labeled CAACLO SIUTWIE, it crumbles to dust.
You feel momentarily disoriented.
It was a scroll of magic mapping.
Unknown command.
Unknown command.
Unknown command.
Unknown command.
The orb spider hisses angrily.
You slash the worldbinder! You freeze the worldbinder.
The worldbinder is moderately damaged.
You completely miss the quasit.
The quasit bites you but does no damage.
The quasit closely misses you. The quasit misses you. The worldbinder hits you.
You die...
Xom guffaws!

#.3. . ####.§# #
## #...§.# .#
..#.x§## ..#
#.###.##..#
#....3....# ###
s###..#####
#.#.#x#.#.......
#.5@## #.#.####
#....# .## ..
#..§## ...#...##
#.#.. ###.# # #
#s. # #.. ..#
.... . .# #..
#..


You could see an orb spider, a worldbinder, a smoke demon, a jumping spider and
a quasit.

Vanquished Creatures
  A wretched star (Abyss:1)
  Eustachio (D:5)
  A hippogriff (D:7)
  Edmund (D:5)
  An ice beast (D:6)
  An orc warrior (D:6)
  A silent spectre (Abyss:1)
  A wasp (D:5)
  A centaur (D:6)
  An ogre (D:4)
  A giant frog (D:6)
  A water moccasin zombie (D:6)
  3 wights (D:3)
  A quasit (D:7)
  5 crimson imps
  A giant frog zombie (D:5)
  2 orc priests
  Crazy Yiuf (D:5)
  A giant frog skeleton (D:7)
  3 hounds
  4 worker ants
  2 iguanas
  An orc wizard (D:4)
  3 hound skeletons
  13 adders
  A shadow imp (D:5)
  An ooze (D:3)
  An adder skeleton (D:5)
  2 worms
  3 giant geckos
  13 orcs
  11 bats
  2 bat skeletons
  A bat zombie (D:5)
  8 giant cockroaches
  6 goblins
  14 hobgoblins
  16 jackals
  9 kobolds
  4 quokkas
  A giant gecko skeleton (D:6)
  A giant gecko zombie (D:5)
  5 giant newts
  A goblin (shapeshifter) (D:6)
  2 jackal skeletons
  2 quokka skeletons (D:4)
  13 rats
169 creatures vanquished.

Vanquished Creatures (collateral kills)
  An orc (D:5)
  A jackal (D:5)
2 creatures vanquished.

Vanquished Creatures (others)
  A quasit (Abyss:1)
1 creature vanquished.

Grand Total: 172 creatures vanquished

Notes
Turn   | Place    | Note
--------------------------------------------------------------
     0 | D:1      | Monkaria the Hill Orc Chaos Knight began the quest for the Orb.
     0 | D:1      | Reached XP level 1. HP: 19/19 MP: 1/1
   188 | D:1      | Reached XP level 2. HP: 25/27 MP: 2/2
   299 | D:1      | XOM: divination: detect creatures
   333 | D:1      | XOM: cast spell 'Blink'
   603 | D:1      | XOM: divination: detect creatures
   671 | D:1      | XOM: mild Tloc miscast
   672 | D:1      | Noticed a spatial vortex
   832 | D:2      | XOM: mild Conj miscast
   968 | D:2      | XOM: medium Fire miscast
  1100 | D:2      | Reached skill level 5 in Axes
  1100 | D:2      | Reached XP level 3. HP: 12/33 MP: 3/3
  1364 | D:2      | XOM: mild Ice miscast
  1435 | D:2      | XOM: silly message
  1536 | D:2      | XOM: mild Ice miscast
  1669 | D:2      | XOM: confusion (+ monsters)
  1681 | D:2      | Reached XP level 4. HP: 40/40 MP: 4/4
  1756 | D:2      | Reached skill level 6 in Axes
  1838 | D:2      | XOM: harmless Pois miscast
  2088 | D:1      | Reached skill level 7 in Fighting
  2088 | D:1      | Reached skill level 11 in Axes
  2088 | D:1      | Reached XP level 5. HP: 44/52 MP: 5/5
  2308 | D:3      | Found a sacrificial altar of Ru.
  2468 | D:3      | Found a faded altar to an unknown god.
  2533 | D:3      | Reached XP level 6. HP: 60/60 MP: 6/6
  2568 | D:3      | XOM: colour smoke trail
  3251 | D:4      | Reached XP level 7. HP: 62/66 MP: 7/7
  3344 | D:4      | Reached skill level 12 in Axes
  3364 | D:4      | XOM: 1-stop teleportation journey
  3508 | D:4      | Found an opulent altar of Gozag.
  3540 | D:4      | XOM: mild Fire miscast
  3541 | D:4      | Noticed a fire vortex
  3541 | D:4      | Noticed a fire vortex
  3663 | D:4      | XOM: medium Tloc miscast
  3971 | D:5      | Entered Level 5 of the Dungeon
  4071 | D:5      | Noticed Eustachio
  4099 | D:5      | XOM: confuse monster(s)
  4106 | D:5      | XOM: divination: magic mapping
  4113 | D:5      | Killed Eustachio
  4172 | D:5      | Noticed Crazy Yiuf
  4185 | D:5      | Killed Crazy Yiuf
  4234 | D:5      | XOM: 1-stop teleportation journey
  4281 | D:5      | You fall through a shaft!
  4401 | D:6      | Reached XP level 8. HP: 75/75 MP: 8/8
  4419 | D:6      | XOM: polymorph adder -> goblin
  4507 | D:6      | XOM: 1-stop teleportation journey
  4564 | D:5      | Noticed Edmund
  4565 | D:5      | XOM: summons friendly ufetubus
  4572 | D:5      | Killed Edmund
  4673 | D:5      | XOM: snakes to sticks
  4968 | D:5      | XOM: polymorph orc warrior -> wasp
  4973 | D:5      | Paralysed by a wasp for 2 turns
  5012 | D:5      | Found a staircase to the Ecumenical Temple.
  5016 | D:5      | Reached skill level 10 in Fighting
  5022 | Temple   | Entered the Ecumenical Temple
  5096 | Temple   | XOM: severe Hex miscast
  5166 | D:5      | Found a snail-covered altar of Cheibriados.
  5288 | D:6      | XOM: vitrification
  5536 | D:6      | XOM: colour smoke trail
  5757 | D:6      | Found a basalt altar of Yredelemnul.
  5757 | D:6      | Found a bloodstained altar of Trog.
  5779 | D:6      | XOM: destruction
  5789 | D:6      | Reached XP level 9. HP: 72/85 MP: 9/9
  5843 | D:7      | XOM: stealth player
  5903 | D:7      | XOM: noise
  5961 | D:7      | XOM: torment (44/85 hp)
  6272 | D:7      | XOM: harmless Trmt miscast
  6280 | D:7      | XOM: medium Tloc miscast
  6280 | D:7      | Cast into the Abyss (the capriciousness of Xom)
  6299 | Abyss:1  | XOM is BORED!
  6299 | Abyss:1  | XOM: give mutation
  6299 | Abyss:1  | Gained mutation: [You are dopey. (Int -2)] [Xom's mischief]
  6332 | Abyss:1  | XOM: polymorph large abomination -> silent spectre
  6434 | Abyss:1  | Noticed a sixfirhy
  6451 | Abyss:1  | Noticed a blizzard demon
  6524 | Abyss:1  | Noticed a wretched star
  6561 | Abyss:1  | XOM: draining
  6563 | Abyss:1  | Killed a wretched star
  6563 | Abyss:1  | Reached skill level 10 in Armour
  6595 | Abyss:1  | Noticed a smoke demon
  6595 | Abyss:1  | HP: 3/76 [something/ball of steam (9)]
  6596 | Abyss:1  | Noticed a worldbinder
  6596 | Abyss:1  | XOM: potion effect (invisibility)
  6599 | Abyss:1  | XOM: summons friendly ufetubus
  6601 | Abyss:1  | Noticed an orb spider
  6608 | Abyss:1  | Slain by a worldbinder

Vault maps used:
D:1:      minmay_arrival_floating_metal, st_stairs_1, minmay_quantized
D:3:      forest_paths, ecumenical_altar_1, hangedman_ru_absence
D:4:      grunt_gozag_statues
D:5:      cheibriados_altar_1, temple_green, first_bread,
          minmay_misc_feat_enclosed, uniq_edmund, uniq_crazy_yiuf_cottage,
          uniq_eustachio
D:6:      gammafunk_temple_overflow_elements
Temple:   zaba_magenta_temple_12

Action                   |  1- 3 |  4- 6 |  7- 9 || total
-------------------------+-------+-------+-------++-------
Melee: Hand axe          |   132 |   127 |   453 ||   712
Throw: Throwing net      |       |       |     1 ||     1
  Use: Scroll            |       |     6 |     6 ||    12
       Potion            |       |     4 |     7 ||    11
 Stab: Paralysed         |       |     1 |       ||     1
       Confused          |       |     1 |     1 ||     2
  Eat: Chunk             |     3 |     4 |    11 ||    18
